 Dungeon Crawl Stone Soup version 0.23.2 (webtiles) character file.

Game seed: 10213382127772925978

46 Borgoz the Sneak (level 3, 0/23 (28) HPs)
             Began as a Ghoul Enchanter on Apr 4, 2019.
             Slain by a jackal (1 damage)
             ... on level 2 of the Dungeon.
             The game lasted 00:02:25 (2040 turns).

Borgoz the Sneak (Ghoul Enchanter)                  Turns: 2040, Time: 00:02:25

HP:   0/23 (28)     AC:  2    Str: 11    XL:     3   Next: 68%
MP:   4/4           EV: 18    Int: 10    God:
Gold: 86            SH:  0    Dex: 15    Spells: 2/5 levels left

rFire    . . .     SeeInvis .   a - +1 dagger
rCold    + . .     Gourm    .   (no shield)
rNeg     + + +     Faith    .   b - +0 robe
rPois    ∞         Spirit   .   (no helmet)
rElec    .         Reflect  .   (no cloak)
rCorr    .         Harm     .   (no gloves)
MR       .....                  (no boots)
Stlth    +++.......             (no amulet)
HPRegen  0.00/turn              (no ring)
MPRegen  0.09/turn              (no ring)

@: agile, rotting
A: rotting body, claws 1, carnivore, cold resistance 1, negative energy
resistance 3, inhibited regeneration, torment resistance, unbreathing
a: no special abilities


You were on level 2 of the Dungeon.
You were hungry.

You visited 1 branch of the dungeon, and saw 2 of its levels.

You collected 86 gold pieces.

Inventory:

Hand Weapons
 a - a +1 dagger (weapon)
Armour
 b - a +0 robe (worn)
Scrolls
 e - a scroll of random uselessness {unknown}
 g - a scroll of fog {unknown}
Potions
 f - a potion of agility
Comestibles
 c - 3 rations


   Skills:
 + Level 1.1 Fighting
 * Level 2.0 Short Blades
 + Level 0.9 Armour
 * Level 2.4 Dodging
 - Level 3.2 Stealth
 - Level 1.7 Spellcasting
 - Level 2.4 Hexes


You had 2 spell levels left.
You knew the following spells:

 Your Spells              Type           Power        Failure   Level  Hunger
a - Corona                Hex            #......      12%         1    ##.....
b - Ensorcelled Hibernat  Hex/Ice        #.....       30%         2    ###....

Your spell library contained the following spells:

 Spells                   Type           Power        Failure   Level  Hunger
 Confuse                  Hex            #.......     34%         3    ####...
 Tukima's Dance           Hex            #.......     34%         3    ####...
 Dazzling Spray           Conj/Hex       #.....       52%         3    ####...


Dungeon Overview and Level Annotations

Branches:
Dungeon (2/15)

Altars:
Zin


Innate Abilities, Weirdness & Mutations

Your body is rotting away.
You thrive on raw meat.
You are immune to poison.
You have sharp fingernails.
You are carnivorous and can eat meat at any time.
Your flesh is cold resistant. (rC+)
You are immune to negative energy. (rN+++)
You do not regenerate when monsters are visible.
You are immune to unholy pain and torment.
You can survive without breathing.


Message History

You kill the jackal!
Okay, then.
It was a potion of agility.
You feel agile all of a sudden. The hobgoblin completely misses you.
You hit the hobgoblin but do no damage. The hobgoblin hits you.
* * * LOW HITPOINT WARNING * * *
You hit the hobgoblin.
The hobgoblin is severely wounded.
You hit the hobgoblin but do no damage.
The hobgoblin is severely wounded.
The hobgoblin barely misses you.
The giant cockroach waves its antennae.
You hit the hobgoblin.
You kill the hobgoblin!
Your Short Blades skill increases to level 2!
You hit the jackal.
The jackal is heavily wounded.
The jackal bites you.
You die...

#.?#...#..# ## #...#..#
#####..## ##...# #....#
########...(# .......#....#
.......#....##################
.......'....sh@..............#
......†#....###############.##
.......##.........# #.#
....(.. #########.# #.#
....... #.# %...... #.#
####### #.# #.# #.#


You could see a jackal and a giant cockroach.

Vanquished Creatures
  A gnoll (D:1)
  3 dart slugs (D:1)
  3 leopard geckos (D:1)
  4 goblins
  3 hobgoblins
  3 jackals (D:2)
  3 bats (D:1)
  A frilled lizard (D:1)
  2 kobolds (D:1)
  5 rats (D:1)
  2 bushes (D:1)
  A plant (D:1)
31 creatures vanquished.

Notes
Turn   | Place    | Note
-------+----------+-------------------------------------------
     0 | D:1      | Borgoz the Ghoul Enchanter began the quest for the Orb.
     0 | D:1      | Reached XP level 1. HP: 14/14 MP: 2/2
    31 | D:1      | Reached skill level 1 in Short Blades
   272 | D:1      | Reached XP level 2. HP: 22/22 MP: 3/3
   422 | D:1      | Reached XP level 3. HP: 26/27 MP: 4/4
   501 | D:1      | Learned a level 2 spell: Ensorcelled Hibernation
   586 | D:1      | Reached skill level 1 in Fighting
  1995 | D:2      | Found a glowing silver altar of Zin.
  2036 | D:2      | HP: 1/23 [hobgoblin (4)]
  2040 | D:2      | Slain by a jackal

Skill      XL: |  1  2  3 |
---------------+----------+-----
Short Blades   | 1 2 |  2.0
Dodging        | 2 |  2.4
Fighting       | 1 |  1.1
Armour         | |  0.9
Stealth        | |  3.2
Spellcasting   | |  1.7
Hexes          | |  2.4

Action                   || total
-------------------------++-------
Melee: Dagger            ||   884
  Use: Potion            ||     4
 Stab: Sleeping          ||     4
  Eat: Ration            ||     2
       Chunk             ||     1
Armor: Robe              ||    14
Dodge: Dodged            ||    70
